 Dungeon Crawl Stone Soup version 0.27-a0-681-g0c81a3c1c3 (webtiles) character file.

Game seed: 13210266788140474116

70 Lanoc the Skirmisher (level 4, -6/35 (36) HPs)
             Began as a Demonspawn Abyssal Knight on Mar 19, 2021.
             Was a Follower of Lugonu.
             Mangled by an ogre
             ... wielding a +0 giant club
              (12 damage)
             ... on level 4 of the Dungeon.
             The game lasted 00:04:17 (2164 turns).

Lanoc the Skirmisher (Demonspawn Abyssal Knight)    Turns: 2164, Time: 00:04:18

HP:   -6/35 (36)    AC:  7    Str: 13    XL:     4   Next: 4%
MP:   6/6           EV: 11    Int: 16    God:    Lugonu [*.....]
Gold: 124           SH:  0    Dex: 17    Spells: 3/3 levels left

rFire    . . .     SeeInvis .   a - +1 spear
rCold    . . .     Faith    .   (no shield)
rNeg     . . .     Spirit   .   b - +1 leather armour
rPois    .         Reflect  .   f - +1 helmet of Siodad {-Cast Int+3 Dex+4}
rElec    .         Harm     .   (no cloak)
rCorr    .         Rampage  .   (no gloves)
Will     .....     NoCast   +   (no boots)
Stlth    +.........             (no amulet)
HPRegen  0.11/turn              (no ring)
MPRegen  0.10/turn              (no ring)

@: lightly drained
A: rugged brown scales 1, ignite blood 1
a: Renounce Religion, Depart the Abyss


You were on level 4 of the Dungeon.
You worshipped Lugonu.
Lugonu was aware of your devotion.
You visited 1 branch of the dungeon, and saw 4 of its levels.
You visited the Abyss 1 time.

You collected 124 gold pieces.

Inventory:

Hand Weapons
 a - a +1 spear (weapon)
Armour
 b - a +1 leather armour (worn)
 f - the +1 helmet of Siodad (worn) {-Cast Int+3 Dex+4}
   (You took it off Robin on level 1 of the Dungeon)

   It affects your intelligence (+3).
   It affects your dexterity (+4).
   It prevents spellcasting.
Scrolls
 i - a scroll of immolation
Potions
 d - 2 potions of curing


   Skills:
 + Level 3.3 Fighting
 * Level 2.6 Polearms
 + Level 2.2 Armour
 + Level 1.5 Dodging
 + Level 3.2 Invocations


You had 3 spell levels left.
You didn't know any spells.
Your spell library contained the following spells:

 Spells                   Type           Power      Damage    Failure   Level
 Magic Dart               Conj           0%         1d3       32%         1
 Blink                    Tloc           N/A        N/A       43%         2
 Call Imp                 Summ           0%         N/A       43%         2
 Slow                     Hex            0%         N/A       43%         2
 Conjure Flame            Conj/Fire      0%         6-21      67%         3
 Mephitic Cloud           Conj/Pois/Air  0%         N/A       67%         3


Dungeon Overview and Level Annotations

Branches:
Dungeon (4/15)
 Temple: D:4-7

Altars:
Ru


Innate Abilities, Weirdness & Mutations

You are partially covered in rugged brown scales. (AC +1, +3% HP)
Your demonic aura sometimes causes spilled blood to erupt in flames


Message History

An orc priest comes into view. It is wielding a +0 hand axe.
The orc throws a boomerang.
The boomerang barely misses you.
An orc comes into view. It is wielding a +0 club.
The orc priest invokes the aid of Beogh against you.
Beogh smites you!
Found a stone staircase leading down.
The orc throws a boomerang.
The boomerang misses you.
The orc priest invokes the aid of Beogh against you.
Beogh smites you!
* * * LOW HITPOINT WARNING * * *
Found 6 gold pieces.
There is a stone staircase leading down here.
You climb downwards.
You hear the sound of rushing water.
There is an entrance to a sewer on this level.
Hurry and find it before the portal rusts away! 3 orcs, an ogre and a necrophage come into view.
The orc priest shouts!
The orc shouts!
The ogre shouts!
The orc wizard shouts!
There is a stone staircase leading up here.
As you read the scroll labelled JEKYMEF MYNNIP, it crumbles to dust.
It is a scroll of enchant armour.
Your +0 leather armour glows green for a moment.
Okay, then.
As you read the scroll labelled PAMEUJ GODWUOCU, it crumbles to dust.
You hear a loud clanging noise!
It was a scroll of noise.
An orc comes into view. It is wielding a +0 mace.
As you read the scroll labelled CIWEBO CUG, it crumbles to dust.
You feel aware of your surroundings.
You sensed 1 shop/portal.
It was a scroll of magic mapping.
The necrophage hits you.
* * * LOW HITPOINT WARNING * * *
You feel drained.
The orc wizard hits you but does no damage.
The ogre misses you.
As you read the scroll labelled QAZEK COSO, it crumbles to dust.
It is a scroll of identify.
i - a scroll of immolation The necrophage hits you but does no damage.
The orc priest looks braver for a moment.
The ogre hits you with a +0 giant club!
You die...

*,* *,*,***,*,*
*,****,*>,,>,,,,
*,,,,,,,,,,,,,,*
*,****,*****,*** *,*
*<,,,,*,* *,*
*****,*,* #####*
**,*,* #...# **,,,,*
****#.@.#******,,,,,**
*,,,#Ono#,,,,,<,,,,,,*
*,*,#...#,,,,,,,,,,,,*
*,**#..o#**,**,,,,,,,*
*,,,..8o.,,,**,,,,,,**
***#....o#****,*,,,**
*##...## **,**,**
*,##.## *,,,,,* *,**,*
*,,****


You could see an ogre, a necrophage, an orc priest, an orc wizard and 2 orcs.

Vanquished Creatures
  Robin (D:1)
  2 oozes
  A leopard gecko (D:3)
  2 giant cockroaches (D:1)
  14 goblins
  5 hobgoblins (D:1)
  7 jackals
  A quokka (D:1)
  3 bats (D:1)
  2 frilled lizards
  A kobold (D:2)
  3 rats (D:1)
42 creatures vanquished.

Notes
Turn   | Place    | Note
-------+----------+-------------------------------------------
     0 | Abyss:1  | Lanoc the Demonspawn Abyssal Knight began the quest for the
                  | Orb.
     0 | Abyss:1  | Reached XP level 1. HP: 18/18 MP: 2/2
   156 | Abyss:1  | Noticed a bone dragon
   157 | D:1      | Escaped the Abyss
   203 | D:1      | Reached skill level 1 in Dodging
   215 | D:1      | Gained mutation: You are partially covered in rugged brown
                  | scales. (AC +1, +3% HP) [demonic ancestry]
   215 | D:1      | Reached XP level 2. HP: 18/24 MP: 4/4
   227 | D:1      | Reached * piety under Lugonu
   835 | D:2      | Identified the +1 helmet of Siodad {-Cast Int+3 Dex+4}
   835 | D:2      | Noticed Robin
  1222 | D:1      | Gained mutation: Your demonic aura sometimes causes spilled
                  | blood to erupt in flames [demonic ancestry]
  1222 | D:1      | Reached XP level 3. HP: 17/29 MP: 5/5
  1792 | D:1      | Killed Robin
  1936 | D:2      | Found a sacrificial altar of Ru.
  2008 | D:2      | You fall into a shaft and drop 1 floor!
  2016 | D:3      | Reached XP level 4. HP: 32/36 MP: 6/6
  2160 | D:4      | Noticed a necrophage
  2160 | D:4      | Noticed an ogre
  2164 | D:4      | Mangled by an ogre

Illustrated notes

Levels and vault maps discovered:
D:1:      amcnicky_arrival_choice, layout_rooms
D:2:      layout_loops_ring, zin_treasury, hangedman_ru_absence,
          chequers_ecumenical_altar_grove, uniq_robin
D:3:      layout_loops_ring, nicolae_dithmenos_shadow_blocks
D:4:      layout_loops_ring, gup_sewer_entry_pipe, minmay_misc_feat_x,
          grunt_ministairs_14

Skill      XL: |  1  2  3 |
---------------+----------+-----
Polearms       | 2 |  2.6
Dodging        | 1 |  1.5
Armour         | 2 |  2.2
Invocations    | 3 |  3.2
Fighting       | |  3.3

Action                   |  1- 3 |  4- 6 || total
-------------------------+-------+-------++-------
Melee: Spear             |   130 |     2 ||   132
Invok: Depart the Abyss  |     1 |       ||     1
  Use: Potion            |     3 |       ||     3
       Scroll            |       |     4 ||     4
 Stab: Sleeping          |     2 |       ||     2
Armor: Leather armour    |    29 |     2 ||    31
Dodge: Dodged            |    81 |     3 ||    84

Table legend: (Time is in decaauts)
 A = Elapsed time spent in this place.
 B = Non-inter-level travel time spent in this place.
 C = Inter-level travel time spent in this place.
 D = Time resting spent in this place.
 E = Time spent auto-exploring this place.
 F = Levels seen in this place.
 G = Mean time per level.
                   A        B        C        D        E       F      G
               +--------+--------+--------+--------+--------+-----+--------+
         Total |   2168 |   2133 |     35 |    517 |   1267 |   5 |  433.6 |
       Dungeon |   2011 |   1976 |     35 |    517 |   1113 |   4 |  502.8 |
         Abyss |    157 |    157 |      0 |      0 |    154 |   1 |  157.0 |
               +--------+--------+--------+--------+--------+-----+--------+

Top non-repeatable levels by time:
     D:1: 1593 daAuts
     D:2: 262 daAuts
 Abyss:1: 157 daAuts
     D:3: 151 daAuts
     D:4: 3 daAuts
